 Dungeon Crawl Stone Soup version 0.28.0-47-ge53b351184 (webtiles) character file.

Game seed: 6806034278735137184

244 101zpm the Magician (level 6, -6/40 HPs)
             Began as a Djinni Fire Elementalist on May 2, 2022.
             Killed by an exploding bullfrog skeleton (8 damage)
             ... ignited by their inner flame
             ... on level 4 of the Dungeon.
             The game lasted 00:05:02 (2572 turns).

101zpm the Magician (Djinni Fire Elementalist)      Turns: 2572, Time: 00:05:02

Health: -6/40      AC:  2    Str:  7    XL:     6   Next: 32%
Gold:   21         EV: 12    Int: 18    God:
                   SH:  0    Dex: 14

rFire   + + .      SeeInvis .   (no weapon)
rCold   x . .      Faith    .   (no shield)
rNeg    . . .      Spirit   .   a - +0 robe
rPois   ∞          Reflect  .   (no helmet)
rElec   .          Harm     .   (no cloak)
rCorr   .          Rampage  .   (no gloves)
Will    .....                   (boots unavailable)
Stlth   ++........              (no amulet)
HPRegen 0.13/turn               (no ring)
MPRegen 0.00/turn               (no ring)

@: flying
A: sickness immunity, fire resistance 2, cold vulnerability 1, float, innate
caster, HP casting, extra vitality 1
a: no special abilities


You were on level 4 of the Dungeon.
You visited 1 branch of the dungeon, and saw 4 of its levels.

You collected 21 gold pieces.

Inventory:

Armour
 a - a +0 robe (worn)
Jewellery
 b - a +4 ring of slaying
Scrolls
 c - a scroll of vulnerability {unknown}
 d - a scroll of noise {unknown}


   Skills:
 + Level 2.6 Dodging
 + Level 2.3 Stealth
 + Level 4.8 Spellcasting


You couldn't memorise any spells.
You knew the following spells:

 Your Spells              Type           Power      Damage    Failure   Level
a - Foxfire               Conj/Fire      84%        2x1d8     1%          1
b - Scorch                Fire           42%        2d7       2%          2
c - Conjure Flame         Conj/Fire      21%        6-21      5%          3
d - Inner Flame           Hex/Fire       21%        N/A       5%          3
e - Flame Wave            Conj/Fire      21%        2d7       19%         4
f - Sandblast             Erth           42%        2d11      1%          1
g - Ensorcelled Hibernat  Hex/Ice        42%        N/A       2%          2
Your spell library was empty.

Dungeon Overview and Level Annotations

Branches:
Dungeon (4/15)
 Temple: D:4-7

Altars:
Trog


Innate Abilities, Weirdness & Mutations

You are immune to sickness and miasma.
You are immune to poison.
Your flesh is very heat resistant. (rF++)
You are vulnerable to cold. (rC-)
You float through the air rather than walking.
You learn spells naturally, not from books.
Your magical power is your life essence.
You have superior vitality. (+4 MHP)


Message History

Confirm with . or Enter, or press ? or * to list all spells.
Aiming: Inner Flame (dangerous; 6% risk of failure)
Press: ? - help, Dir - move target, f - adder
Aim: an adder (ally target, chance to affect: 83%)
Okay, then.
Casting: Inner Flame (dangerous; 6% risk of failure)
Confirm with . or Enter, or press ? or * to list all spells.
Aiming: Inner Flame (dangerous; 6% risk of failure)
Press: ? - help, Dir - move target, f - bullfrog skeleton
Aim: a bullfrog skeleton (chance to affect: 85%)
The bullfrog skeleton is filled with an inner flame.
* * * LOW HITPOINT WARNING * * *
The foxfire hits the adder!
The adder is severely wounded.
The foxfire hits the adder!
You kill the adder!
An adder skeleton comes into view.
Casting: Foxfire (safe; 1% risk of failure)
Press: ? - help, Q - select action, (/) - cycle Dir - look around, f - activate You conjure some foxfire!
* * * LOW HITPOINT WARNING * * *
Casting: Foxfire (safe; 1% risk of failure)
Confirm with . or Enter, or press ? or * to list all spells.
You don't have enough health to cast this spell.
The foxfire hits the kobold!
The kobold explodes!
The fiery explosion engulfs the adder skeleton!!
You destroy the adder skeleton!
You start resting.
A bullfrog skeleton is nearby!
Your foxfire dissipates!
The bullfrog skeleton is engulfed in blazing flames.
Flame seeps out of the bullfrog skeleton.
The bullfrog skeleton is engulfed in blazing flames.
Flame seeps out of the bullfrog skeleton.
The bullfrog skeleton barely misses you.
The bullfrog skeleton is engulfed in blazing flames.
The bullfrog skeleton explodes!
The fiery explosion engulfs you! You resist.
You die...

###..>
.....
.... #...
##...
###....
....§.○##
#)°@##
###☼☼#
#§§# ##)#
°# .# .#
.. #.


There were no monsters in sight!

Vanquished Creatures
  Sigmund (D:3)
  A bullfrog skeleton (D:4)
  A hound skeleton (D:4)
  3 gnolls (D:4)
  An adder (D:4)
  An adder skeleton (D:4)
  A worm (D:3)
  2 dart slugs
  2 orcs (D:3)
  5 ball pythons
  2 endoplasms (D:3)
  3 giant cockroaches
  2 goblins (D:3)
  4 hobgoblins (D:3)
  2 kobolds
  4 bats (D:3)
  A frilled lizard (D:3)
  2 rats
38 creatures vanquished.

Vanquished Creatures (others)
  128 foxfires
128 creatures vanquished.

Grand Total: 166 creatures vanquished

Notes
Turn   | Place    | Note
-------+----------+-------------------------------------------
     0 | D:1      | 101zpm the Djinni Fire Elementalist began the quest for the
                  | Orb.
     0 | D:1      | Reached XP level 1. HP: 15/15 MP: 0/0
   399 | D:2      | Reached XP level 2. HP: 15/21 MP: 0/0
  1245 | D:3      | Reached XP level 3. HP: 18/25 MP: 0/0
  1245 | D:3      | Learned a level 1 spell: Sandblast
  1252 | D:3      | Reached skill level 3 in Spellcasting
  1259 | D:3      | HP: 1/25 [hobgoblin/stone (1)]
  1848 | D:3      | Found a bloodstained altar of Trog.
  2145 | D:3      | Noticed Sigmund
  2147 | D:3      | Killed Sigmund
  2148 | D:3      | Reached skill level 4 in Spellcasting
  2148 | D:3      | Reached XP level 4. HP: 26/31 MP: 0/0
  2148 | D:3      | Reached XP level 5. HP: 30/35 MP: 0/0
  2148 | D:3      | Learned a level 2 spell: Ensorcelled Hibernation
  2558 | D:4      | Reached XP level 6. HP: 31/40 MP: 0/0
  2572 | D:4      | Killed by an exploding bullfrog skeleton... ignited by
                  | their inner flame

Illustrated notes

Levels and vault maps discovered:
D:1:      grunt_arrival_crossed_arrows, layout_loops_ring, minmay_pentomino_z2
D:2:      layout_basic, serial_shops, shop
D:3:      layout_basic, trog_hazing_becter, grunt_ministairs_7, uniq_sigmund
D:4:      layout_layer_cave

Skill      XL: |  1  2  3 |
---------------+----------+-----
Spellcasting   | 4 |  4.8
Stealth        | 2 |  2.3
Dodging        | |  2.6

Action                   |  1- 3 |  4- 6 || total
-------------------------+-------+-------++-------
Melee: Unarmed           |     1 |       ||     1
 Cast: Foxfire           |    81 |    17 ||    98
       Scorch            |    11 |     2 ||    13
       Inner Flame       |     3 |     9 ||    12
Armor: Robe              |     1 |       ||     1
Dodge: Dodged            |     2 |     1 ||     3
